 Dungeon Crawl Stone Soup version 0.28-a0-1624-g820543e53a (webtiles) character file.

Game seed: 14204927020196257034

232 enile the Skirmisher (level 6, -1/102 HPs)
             Began as an Ogre Fire Elementalist on Jan 24, 2022.
             Was a Believer of Ashenzari.
             Slain by an orc wizard (3 damage)
             ... on level 4 of the Dungeon.
             The game lasted 00:05:22 (3745 turns).

enile the Skirmisher (Ogre Fire Elementalist)       Turns: 3745, Time: 00:05:22

Health: -1/102     AC:  3    Str: 13    XL:     6   Next: 4%
Magic:  2/13       EV: 10    Int: 18    God:    Ashenzari [**....]
Gold:   125        SH:  5    Dex:  9    Spells: 11/14 levels left

rFire   . . .      SeeInvis +   f - +0 club of the Gnostic Seeker {Range, Self} (curse)
rCold   . . .      Faith    .   (no shield)
rNeg    . . .      Spirit   .   d - +0 robe of the Gnostic Seeker {Bglg, Cun} (curse)
rPois   .          Reflect  +   (helmet restricted)
rElec   .          Harm     .   (no cloak)
rCorr   .          Rampage  .   (gloves unavailable)
Will    .....                   (boots unavailable)
Stlth   ..........              j - amulet of the Bound Vexation {Reflect SH+5, Fort, Evo} (curse)
HPRegen 0.27/turn               (no ring)
MPRegen 0.13/turn               (no ring)

@: berserking, very quick
A: large, unfitting armour, tough skin 1
a: Renounce Religion, Shatter the Chains


You were on level 4 of the Dungeon.
You worshipped Ashenzari.
Ashenzari was pleased with you.
You visited 1 branch of the dungeon, and saw 4 of its levels.

You collected 125 gold pieces.

Inventory:

Hand Weapons
 f - the cursed +0 club of the Gnostic Seeker (weapon) {Range, Self}
   (You took it off a kobold on level 1 of the Dungeon)

   It has a curse which improves the following skills: Ranged Combat: Slings,
   Bows, Crossbows and Throwing.
   Introspection: Fighting and Spellcasting.
Armour
 a - a +0 robe
 d - the cursed +0 robe of the Gnostic Seeker (worn) {Bglg, Cun}
   (You found it on level 1 of the Dungeon)

   It has a curse which improves the following skills: Beguiling: Conjurations,
   Hexes and Translocations.
   Cunning:   Dodging and Stealth.
Jewellery
 j - the cursed amulet of the Bound Vexation (around neck) {Reflect SH+5, Fort, Evo}
   (You found it on level 2 of the Dungeon)

   [amulet of reflection]

   It reflects blocked missile attacks.
   SH:        It affects your SH (+5).
   It has a curse which improves the following skills: Fortitude: Armour and
   Shields.
   Evocations: Evocations.
Scrolls
 e - a scroll of brand weapon
 g - 2 scrolls of enchant weapon
 i - a scroll of blinking
 k - a scroll of acquirement
Potions
 b - a potion of berserk rage
 c - 3 potions of curing
 h - a potion of brilliance


   Skills:
 + Level 5.5(6.7) Fighting
 - Level 1.7(2.6) Dodging
 - Level 1.4(2.2) Stealth
 - Level 3.7(4.8) Spellcasting
 - Level 2.2(3.2) Conjurations
 - Level 3.0 Fire Magic


You had 11 spell levels left.
You knew the following spells:

 Your Spells              Type           Power      Damage    Failure   Level
a - Foxfire               Conj/Fire      60%        2x1d7     3%          1
b - Scorch                Fire           30%        2d7       6%          2

Your spell library contained the following spells:

 Spells                   Type           Power      Damage    Failure   Level
 Conjure Flame            Conj/Fire      15%        6-21      12%         3
 Ensorcelled Hibernation  Hex/Ice        8%         N/A       21%         2
 Passwall                 Tmut/Erth      3%         N/A       21%         2
 Inner Flame              Hex/Fire       10%        N/A       22%         3
 Flame Wave               Conj/Fire      15%        2d6       36%         4
 Swiftness                Air            4%         N/A       38%         3


Dungeon Overview and Level Annotations

Branches:
Dungeon (4/15)
 Temple: D:4-7

Altars:
Ashenzari
Okawaru


Innate Abilities, Weirdness & Mutations

You are too large for most types of armour.
You have tough skin. (AC +1)


Message History

The orc throws a stone.
The stone hits you.
Things that are here:
a +0 flail; an orc corpse
Casting: Scorch (safe; 6% risk of failure)
Confirm with . or Enter, or press ? or * to list all spells.
You don't have enough magic to cast this spell.
Casting: Scorch (safe; 6% risk of failure)
Confirm with . or Enter, or press ? or * to list all spells.
You conjure some foxfire!
The foxfire hits the orc.
The orc is lightly wounded.
The foxfire hits the orc.
You kill the orc!
Things that are here:
a +0 hand axe; 4 stones; a +0 chain mail You see here a large rock.
The orc warrior throws a boomerang.
The boomerang barely misses you.
The orc warrior throws a boomerang.
The boomerang closely misses you.
The orc wizard gestures at you while chanting.
The magic dart hits you.
A red film seems to cover your vision as you go berserk!
You feel yourself moving faster!
You feel mighty!
You barely miss the orc warrior.
The orc warrior is lightly wounded.
You sock the orc warrior!
The orc warrior is heavily wounded.
The orc warrior hits you with a +0 battleaxe!!
* * * LOW HITPOINT WARNING * * *
You closely miss the orc warrior.
The orc warrior is heavily wounded.
You hit the orc warrior but do no damage.
The orc warrior is heavily wounded.
The orc warrior hits you with a +0 battleaxe.
* * * LOW HITPOINT WARNING * * *
The orc wizard closely misses you.
You hit the orc warrior but do no damage.
The orc warrior is heavily wounded.
The orc warrior hits you with a +0 battleaxe!
* * * LOW HITPOINT WARNING * * *
The orc wizard hits you with a +0 dagger.
You die...

, , #.## #..#
##############..#
,
............oo..#
*
..####.#######.#
*#.....## #.# ,
##.o..8####.#
##).#.#o##.# ,
#(#..o@.#o# ,,
#...#.###o#
,,*#....#.##..# ,
, #...##.##.#.# ,
,#..###.#).##.#
,#.# *#######.# ,
, ..., , ..# *
**.##, *, * #.# ,
*,, , ..#


You could see an orc warrior and an orc wizard (invisible).

Vanquished Creatures
  An ogre (D:4)
  An orc priest (D:4)
  A centaur skeleton (D:3)
  An adder (D:2)
  2 worms
  4 dart slugs
  5 orcs
  2 bats (D:1)
  6 endoplasms
  5 giant cockroaches
  2 goblins
  7 hobgoblins
  2 quokkas
  6 ball pythons
  5 frilled lizards
  8 kobolds
  3 rats
61 creatures vanquished.

Vanquished Creatures (collateral kills)
  A foxfire (D:3)
1 creature vanquished.

Vanquished Creatures (others)
  246 foxfires
246 creatures vanquished.

Grand Total: 308 creatures vanquished

Notes
Turn   | Place    | Note
-------+----------+-------------------------------------------
     0 | D:1      | enile the Ogre Fire Elementalist began the quest for the
                  | Orb.
     0 | D:1      | Reached XP level 1. HP: 16/16 MP: 3/3
    30 | D:1      | Reached skill level 1 in Fighting
   124 | D:1      | Found a faded altar of an unknown god.
   162 | D:1      | Reached skill level 2 in Fighting
   163 | D:1      | Reached XP level 2. HP: 28/28 MP: 0/5
   325 | D:1      | Prayed at the altar of an unknown god.
   325 | D:1      | Became a worshipper of Ashenzari the Shackled
   643 | D:1      | Reached skill level 3 in Fighting
   966 | D:1      | Reached XP level 3. HP: 37/37 MP: 3/6
  1029 | D:1      | Learned a level 2 spell: Scorch
  1144 | D:1      | Reached skill level 1 in Conjurations
  1689 | D:2      | Reached * piety under Ashenzari
  2017 | D:2      | Found an iron altar of Okawaru.
  2433 | D:3      | Reached XP level 4. HP: 48/48 MP: 6/9
  2842 | D:3      | Identified a scroll of acquirement
  3360 | D:3      | Reached ** piety under Ashenzari
  3550 | D:4      | Noticed an ogre
  3556 | D:4      | Killed an ogre
  3557 | D:4      | Reached skill level 4 in Fighting
  3557 | D:4      | Reached XP level 5. HP: 59/59 MP: 4/12
  3700 | D:4      | Reached skill level 5 in Fighting
  3700 | D:4      | Reached XP level 6. HP: 56/68 MP: 5/13
  3702 | D:4      | Noticed an orc warrior
  3745 | D:4      | HP: 2/102 [orc warrior (13)]
  3745 | D:4      | Slain by an orc wizard

Illustrated notes

Levels and vault maps discovered:
D:1:      arrival_zaba_pyramid, layout_basic, hellmonk_ecumenical_altar_run_dry
D:2:      layout_basic, basic_altar, minivault_5
D:3:      layout_basic, chequers_arboretum
D:4:      layout_loops_corners, grunt_ministairs_2,
          chequers_serial_rivers_room_a, kennysheep_cross_bottleneck,
          minmay_shop_mass, guppyfry_early_orc_mine

Skill      XL: |  1  2  3  4  5 |
---------------+----------------+-----
Fighting       | 2 3 4 5 |  5.5
Fire Magic     | 3 |  3.0
Conjurations   | 1 2 |  2.2
Spellcasting   | 3 |  3.7
Dodging        | |  1.7
Stealth        | |  1.4

Action                   |  1- 3 |  4- 6 || total
-------------------------+-------+-------++-------
Melee: Unarmed           |     7 |       ||     7
       Club              |    18 |     9 ||    27
 Cast: Foxfire           |    84 |    66 ||   150
       Scorch            |     2 |     9 ||    11
Invok: Curse Item        |     2 |     1 ||     3
  Use: Potion            |       |     1 ||     1
 Stab: Sleeping          |     1 |       ||     1
Armor: Robe              |    10 |     2 ||    12
Dodge: Dodged            |    20 |    10 ||    30
Block: Other             |       |     3 ||     3
       Reflection        |       |     1 ||     1

Table legend: (Time is in decaauts)
 A = Elapsed time spent in this place.
 B = Non-inter-level travel time spent in this place.
 C = Inter-level travel time spent in this place.
 D = Time resting spent in this place.
 E = Time spent auto-exploring this place.
 F = Levels seen in this place.
 G = Mean time per level.
                   A        B        C        D        E       F      G
               +--------+--------+--------+--------+--------+-----+--------+
         Total |   3749 |   3650 |     99 |      0 |   3106 |   4 |  937.2 |
       Dungeon |   3749 |   3650 |     99 |      0 |   3106 |   4 |  937.2 |
               +--------+--------+--------+--------+--------+-----+--------+

Top non-repeatable levels by time:
     D:1: 1376 daAuts
     D:3: 1138 daAuts
     D:2: 1040 daAuts
     D:4: 194 daAuts
